 Dungeon Crawl Stone Soup version 0.24-a0-537-g2d01d4ab0a (webtiles) character file.

Game seed: 1705688493721901457

32 DasRunzen the Poker (level 3, -5/26 HPs)
             Began as an Octopode Chaos Knight on Aug 14, 2019.
             Was a Plaything of Xom.
             Slain by a gnoll
             ... wielding a +0 halberd
              (10 damage)
             ... on level 3 of the Dungeon.
             The game lasted 00:01:12 (716 turns).

DasRunzen the Poker (Octopode Chaos Knight)          Turns: 716, Time: 00:01:13

Health: -5/26      AC:  1    Str: 11    XL:     3   Next: 27%
Magic:  3/3        EV: 14    Int: 14    God:    Xom [..*...]
Gold:   66         SH:  0    Dex: 12    Spells: 2/2 levels left

rFire    . . .     SeeInvis .   a - +0 spear (chaos)
rCold    + . .     Gourm    .   (no shield)
rNeg     . . .     Faith    .   (helmet restricted)
rPois    .         Spirit   .   (no amulet)
rElec    .         Reflect  .   h - ring of protection from cold
rCorr    .         Harm     .   (no ring)
MR       .....                  (no ring)
Stlth    +++.......             (no ring)
HPRegen  0.08/turn              (no ring)
MPRegen  0.08/turn              (no ring)
                                (no ring)
                                (no ring)

@: no status effects
A: almost no armour, stealthy swim, amphibious, 8 rings, constrict 8, camouflage
1, gelatinous body 1
a: Renounce Religion


You were on level 3 of the Dungeon.
You worshipped Xom.
You were a toy of Xom.
You were not hungry.

You visited 1 branch of the dungeon, and saw 3 of its levels.

You collected 66 gold pieces.

Inventory:

Hand Weapons
 a - a +0 spear of chaos (weapon)
Jewellery
 h - a ring of protection from cold (left tentacle)
Scrolls
 f - 2 scrolls of magic mapping
 g - 2 scrolls of teleportation
Potions
 c - 2 potions of brilliance
Comestibles
 b - 3 rations


   Skills:
 + Level 3.3 Fighting
 + Level 3.3 Polearms
 + Level 2.8 Dodging
 + Level 1.8 Stealth


You had 2 spell levels left.
You didn't know any spells.
Your spell library was empty.

Dungeon Overview and Level Annotations

Branches:
Dungeon (2/15)

Altars:


Innate Abilities, Weirdness & Mutations

You cannot wear most types of armour.
You are very stealthy in the water. (Stealth+)
You are amphibious.
You can wear up to eight rings at the same time.
You can use your tentacles to constrict eight enemies at once.
Your skin changes colour to match your surroundings (Stealth+).
Your rubbery body absorbs attacks. (AC +1, EV +1)


Message History

You hit the gnoll but do no damage.
The gnoll is heavily wounded.
You constrict the gnoll. The gnoll hits you with a +0 whip.
* * * LOW HITPOINT WARNING * * *
The gnoll closely misses you.
You hit the gnoll.
You squeeze the gnoll, but do no damage.
The gnoll is severely wounded.
You constrict the gnoll. The gnoll misses you.
You hit the gnoll.
The gnoll is almost dead.
You constrict the gnoll.
You kill the gnoll!
You have reached level 3!
Your experience leads to an increase in your attributes!
Increase (S)trength, (I)ntelligence, or (D)exterity?
You feel agile. The gnoll misses you. The gnoll hits you with a +0 halberd!
You die...

.......
.......
######.......
#............
#............
#............
#............
#....@g.#
####'##.# #.#
# #.# #.#
#.##.# #.##.#
#.##.# #.##.#


You could see a gnoll.

Vanquished Creatures
  2 gnolls (D:3)
  A bat (D:2)
  2 giant cockroaches (D:1)
  A hobgoblin (D:1)
  5 kobolds (D:1)
  3 rats (D:1)
14 creatures vanquished.

Notes
Turn   | Place    | Note
-------+----------+-------------------------------------------
     0 | D:1      | DasRunzen the Octopode Chaos Knight began the quest for the
                  | Orb.
     0 | D:1      | Reached XP level 1. HP: 16/16 MP: 1/1
    39 | D:1      | XOM: harmless Erth miscast
   195 | D:1      | Reached XP level 2. HP: 21/21 MP: 2/2
   197 | D:1      | Reached skill level 1 in Stealth
   683 | D:2      | You fall into a shaft and drop 1 floor!
   715 | D:3      | Reached XP level 3. HP: 5/26 MP: 3/3
   716 | D:3      | Slain by a gnoll

Levels and vault maps discovered:
D:1:      beargit_arrival_greenhouse, layout_basic, serial_rivers,
          chequers_serial_rivers_room_b, chequers_serial_rivers_small_a,
          chequers_serial_rivers_small_3, chequers_serial_rivers_small_3
D:2:      layout_basic, lemuel_crystal_altar, chequers_serial_rivers_micro_d,
          minivault_19
D:3:      layout_basic, dancing_weapons_uskayaw,
          chequers_temple_overflow_minitemple,
          nemelex_xobeh_ov_fountains_minmay, nicolae_underground_beach

Skill      XL: |  1  2 |
---------------+-------+-----
Stealth        | 1 |  1.8
Fighting       | |  3.3
Polearms       | |  3.3
Dodging        | |  2.8

Action                   || total
-------------------------++-------
Melee: Spear             ||    36
       Constrict         ||     4
       Tentacles         ||     2
  Use: Scroll            ||     4
 Stab: Sleeping          ||     5
Armor: Skin              ||     1
Dodge: Dodged            ||    11

Table legend:
 A = Non-vault XP
 B = Vault XP
 C = Vault XP percentage of total XP
 D = Non-vault monster count
 E = Vault monster count
 F = Vault count percentage of total count
                 A         B        C        D         E       F
            +---------+---------+-------+---------+---------+-------
      Total |      47 |       0 |   0.0 |      14 |       0 |   0.0
            +---------+---------+-------+---------+---------+-------
        D:1 |      17 |       0 |   0.0 |      11 |       0 |   0.0
        D:2 |       2 |       0 |   0.0 |       1 |       0 |   0.0
        D:3 |      28 |       0 |   0.0 |       2 |       0 |   0.0
            +---------+---------+-------+---------+---------+-------
